AoeStats
← KootH.

Hill Fort

506264143Analyzed
4v4 RM · 19d ago on Sep 13, 2026· 48m 53s· 8 players
Game mode
Random Map
Map size
Large (8 player)
Population
200
Speed
Normal
Resources
Standard
Victory
Conquest
Starting age
Dark Age
Ending age
Imperial Age
RankedLock teamsTeams togetherTeam positionsShared explorationLock speedFull tech treeHidden civsTurbo modeCheats
Victory
Defeat
🇸🇪 Vietnamese · Sweden
1457
+13
🇳🇱 Khmer · Netherlands
1418
+15
🇨🇱 Teutons · Chile
1416
+15
🇺🇸 Saracens · United States
1400
+16
🇨🇴 Berbers · Colombia
1451
-17
🇲🇽 Magyars · Mexico
1448
-17
🇲🇽 Persians · Mexico
1385
-14
🇭🇳 Mongols · Honduras
1301
-11
SSVictorin
10:10 Feudal Age
15:25 Castle Age
14:47 Fletching
16:48 Double-Bit Axe
26:17 Husbandry
27:12 Horse Collar
28:29 Bodkin Arrow
31:11 Gold Mining
33:05 Scale Barding Armor
34:10 Bloodlines
36:37 Imperial Age
34:43 Wheelbarrow
34:50 Gold Shaft Mining
35:33 Chain Barding Armor
35:56 Bow Saw
38:21 Recurve Bow
38:50 Parthian Tactics
38:57 Bracer
40:02 Chemistry
39:24 Ballistics
41:50 Heavy Cavalry Archer
42:37 Thumb Ring
45:31 Light Cavalry
Francisco Morazán
10:07 Feudal Age
14:28 Castle Age
12:43 Double-Bit Axe
14:28 Stone Mining
14:47 Horse Collar
15:28 Loom
17:39 Fletching
20:37 Padded Archer Armor
24:51 Heavy Plow
25:42 Bodkin Arrow
27:36 Leather Archer Armor
29:01 Ballistics
29:19 Bloodlines
29:10 Husbandry
30:58 Light Cavalry
33:45 Wheelbarrow
34:56 Hand Cart
35:02 Thumb Ring
39:15 Imperial Age
38:04 Gold Mining
39:16 Scale Barding Armor
40:28 Conscription
40:35 Conscription
40:54 Gold Shaft Mining
42:40 Chemistry
41:54 Bow Saw
41:48 Bracer
44:28 Hussar
45:34 Elite Mangudai
Bad Panda
10:25 Feudal Age
14:33 Castle Age
16:20 Loom
24:16 Town Watch
27:42 Wheelbarrow
30:52 Double-Bit Axe
34:40 Imperial Age
33:39 Town Patrol
33:55 Hand Cart
34:45 Scale Barding Armor
34:51 Forging
36:00 Conscription
36:04 Chain Barding Armor
35:51 Elite War Elephant
39:28 Plate Barding Armor
39:28 Iron Casting
46:22 Cavalier
47:02 Husbandry
47:13 Bloodlines
47:24 Savar
KootH.
9:56 Feudal Age
11:04 Loom
15:14 Castle Age
13:29 Double-Bit Axe
14:49 Horse Collar
25:05 Husbandry
27:17 Bow Saw
27:44 Wheelbarrow
28:39 Heavy Plow
29:42 Forging
29:44 Fletching
30:59 Bodkin Arrow
30:29 Elite Skirmisher
35:09 Ballistics
35:46 Hand Cart
36:17 Bloodlines
35:28 Light Cavalry
38:23 Padded Archer Armor
42:42 Imperial Age
40:57 Leather Archer Armor
44:26 Chemistry
43:50 Conscription
43:37 Thumb Ring
45:48 Bracer
46:59 Hoardings
47:30 Ring Archer Armor
Fringnut
10:56 Feudal Age
11:29 Double-Bit Axe
13:47 Wheelbarrow
17:10 Castle Age
15:00 Horse Collar
17:06 Loom
17:07 Town Watch
17:43 Scale Barding Armor
19:37 Husbandry
19:58 Bow Saw
20:53 Fletching
22:43 Gold Mining
24:37 Bodkin Arrow
25:19 Padded Archer Armor
25:30 Elite Skirmisher
27:44 Ballistics
28:02 Leather Archer Armor
35:57 Imperial Age
35:00 Hand Cart
35:51 Forging
37:07 Conscription
36:57 Thumb Ring
36:14 Imperial Skirmisher
37:20 Heavy Plow
37:40 Bracer
38:45 Chemistry
38:37 Iron Casting
39:08 Chain Barding Armor
40:12 Bloodlines
41:15 Blast Furnace
39:58 Elite Mameluke
41:43 Plate Barding Armor
42:13 Blast Furnace
44:17 Ring Archer Armor
44:34 Gold Shaft Mining
43:49 Stone Mining
44:59 Counterweights
45:36 Caravan
45:50 Scale Mail Armor
46:28 Hoardings
46:04 Bimaristan
46:07 Siege Engineers
46:26 Town Patrol
46:39 Masonry
48:05 Block Printing
48:02 Fervor
48:13 Sanctity
47:55 Devotion
48:05 Redemption
48:31 Chain Mail Armor
BuildDisorder [2]
6:33 Loom
9:20 Feudal Age
9:46 Double-Bit Axe
13:35 Town Watch
21:17 Castle Age
20:01 Bloodlines
21:24 Scale Barding Armor
21:30 Forging
22:28 Chain Barding Armor
22:56 Bow Saw
23:03 Husbandry
Jardel
10:48 Feudal Age
12:07 Loom
14:58 Castle Age
14:08 Double-Bit Axe
14:10 Horse Collar
16:39 Bow Saw
17:39 Heavy Plow
18:51 Fletching
21:21 Sanctity
24:10 Bodkin Arrow
25:23 Scale Mail Armor
25:54 Gold Mining
26:26 Chain Mail Armor
27:03 Forging
28:32 Squires
30:25 Iron Casting
29:37 Arson
31:36 Stone Mining
38:09 Imperial Age
36:16 Wheelbarrow
35:29 Town Watch
38:14 Pikeman
38:27 Elite Fire Lancer
40:59 Plate Mail Armor
41:25 Halberdier
47:57 Bracer
Criminalss
5:09 Loom
9:39 Feudal Age
9:50 Man-at-Arms
10:30 Double-Bit Axe
21:44 Castle Age
19:52 Stone Mining
19:48 Horse Collar
20:23 Gold Mining
22:26 Wheelbarrow
23:07 Bow Saw
25:32 Guard Tower
26:41 Ballistics
27:40 Fletching
28:35 Bodkin Arrow
29:40 Hand Cart
34:53 Imperial Age
33:03 Scale Barding Armor
33:51 Bloodlines
34:10 Chain Barding Armor
36:15 Plate Barding Armor
35:03 Cavalier
35:59 Heavy Plow
38:09 Forging
37:48 Paladin
41:14 Iron Casting
41:56 Conscription
43:00 Town Watch
45:16 Blast Furnace
48:24 Crenellations
49:19 Town Patrol
Connection lost

Rejoining the realm…

Still unreachable

The connection could not be restored.

Session expired

The server has moved on; the page needs a fresh start.